 Dungeon Crawl Stone Soup version 0.31-a0-1074-g0b22e4e0f1 (webtiles) character file.

Game seed: 7221016888676838467

1892 wildpjah the Protected (level 8, -4/65 (71) HPs)
             Began as a Minotaur Fighter on Nov 27, 2023.
             Was a Priest of Okawaru.
             Killed by divine providence
             ... invoked by Jeremiah
              (11 damage)
             ... on level 7 of the Dungeon.
             The game lasted 00:08:28 (5064 turns).

wildpjah the Protected (Minotaur Fighter)           Turns: 5064, Time: 00:08:32

HP:   -4/65 (71)    AC: 15    Str: 22    XL:     8   Next: 93%
MP:   5/7           EV: 11    Int:  5    God:    Okawaru [***...]
Gold: 274           SH:  6    Dex: 11    Spells: 7/7 levels left

rFire   + + +        a - +0 war axe
rCold   . . .        c - +0 buckler
rNeg    . . .        n - +0 chain mail
rPois   .            (helmet restricted)
rElec   .            A - +1 cloak of Ynuthaha {Rampage rF+ Stlth+}
rCorr   .            (no gloves)
SInv    .            (no boots)
Will    .....        z - amulet of the acrobat
Stlth   +            o - ring of protection from fire
HPRegen 0.30/turn    q - ring of protection from fire
MPRegen 0.10/turn

%: acrobat, rampage
@: heroic, drained
A: horns 2, retaliatory headbutt
a: Renounce Religion, Heroism


You were on level 7 of the Dungeon.
You worshipped Okawaru.
Okawaru was most pleased with you.
You visited 2 branches of the dungeon, and saw 8 of its levels.

You collected 274 gold pieces.

Inventory:

Hand Weapons
 a - a +0 war axe (weapon)
 y - a +1 whip of venom
 C - a +4 mace
Missiles
 x - 16 poisoned darts (quivered)
Armour
 c - a +0 buckler (worn)
 n - a +0 chain mail (worn)
 A - the +1 cloak of Ynuthaha (worn) {Rampage rF+ Stlth+}
   (You found it on level 5 of the Dungeon)

   rF+:       It protects you from fire.
   Rampage:   It bestows one free step when moving towards enemies.
   Stlth+:    It makes you more stealthy.
Jewellery
 o - a ring of protection from fire (left hand)
 q - a ring of protection from fire (right hand)
 z - an amulet of the acrobat (around neck)
 B - an amulet of faith
Wands
 v - a wand of flame (46)
Scrolls
 e - a scroll of immolation {unknown}
 g - a scroll of vulnerability {unknown}
 j - 2 scrolls of revelation {unknown}
 k - 3 scrolls of enchant armour {unknown}
 m - 3 scrolls of blinking {unknown}
 s - 3 scrolls of identify {unknown}
 t - 2 scrolls of teleportation {unknown}
 u - a scroll of brand weapon {unknown}
 w - a scroll of noise {unknown}
 D - a scroll of silence {unknown}
Potions
 b - a potion of brilliance {unknown}
 d - 4 potions of might
 f - 2 potions of invisibility {unknown}
 h - a potion of cancellation {unknown}
 i - a potion of berserk rage {unknown}
 l - a potion of mutation {unknown}
 p - 2 potions of lignification {unknown}
 r - 2 potions of curing


   Skills:
 + Level 6.5(11.5) Fighting
 + Level 7.6(13.3) Axes
 + Level 4.8(11.9) Maces & Flails
 + Level 8.4(13.4) Armour
 + Level 2.1(7.1) Dodging
 + Level 0.3(5.3) Stealth
 + Level 5.5(10.5) Shields


You had 7 spell levels left.
You didn't know any spells.
Your spell library contained the following spells:

 Spells                   Type           Power      Damage    Failure   Level
 Apportation              Tloc           0%         N/A       94%         1
 Necrotise                Necr           0%         1d4       94%         1
 Ensorcelled Hibernation  Hex/Ice        0%         N/A       98%         2
 Jinxbite                 Hex            0%         N/A       98%         2
 Dazzling Flash           Conj/Hex       0%         N/A       100%        3
 Anguish                  Hex/Necr       0%         N/A       100%        4
 Agony                    Necr           0%         N/A       100%        5
 Silence                  Hex/Air        0%         N/A       100%        5
 Summon Small Mammal      Summ           Unusable   N/A       N/A         1

Dungeon Overview and Level Annotations

Branches:
Dungeon (7/15)             Temple (1/1) D:4

Altars:
Ashenzari
Cheibriados
Dithmenos
Elyvilon
Fedhas
Gozag
Hepliaklqana
Kikubaaqudgha
Makhleb
Nemelex Xobeh
Okawaru
Qazlal
Ru
Sif Muna
Trog
Uskayaw
Vehumet
Wu Jian
Xom
Yredelemnul
Zin
The Shining One

Annotations:
D:7 Jeremiah


Innate Abilities, Weirdness & Mutations

You have a pair of horns on your head.
You reflexively headbutt those who attack you in melee.


Message History

You kill the butterfly!
The butterfly disappears in a burst of colours! x3
You hit the butterfly.
You kill the butterfly!
The butterfly disappears in a burst of colours!
You barely miss the butterfly. You hit the butterfly.
You kill the butterfly!
The butterfly disappears in a burst of colours! x2
The butterfly disappears in a burst of colours!
The butterfly disappears in a burst of colours!
Jeremiah hops!
Jeremiah mumbles a slurred invocation.
Something smites you!
* * * LOW HITPOINT WARNING * * *
The butterfly disappears in a burst of colours!
Jeremiah misses you.
You completely miss the butterfly. You miss the butterfly.
You block Jeremiah's attack.
You miss the butterfly. Your headbutt misses the butterfly.
You miss the butterfly. x2; You barely miss the butterfly.
Jeremiah lets out a twisted cry.
Something smites you!
* * * LOW HITPOINT WARNING * * *
You hit the butterfly.
You kill the butterfly!
The butterfly disappears in a burst of colours!
You closely miss the butterfly. You slash the butterfly!
You kill the butterfly!
The butterfly disappears in a burst of colours!
Jeremiah barely misses you.
You gain the combat prowess of a mighty hero.
Jeremiah hops!
You hit the butterfly.
You kill the butterfly!
The butterfly disappears in a burst of colours!
You completely miss the butterfly. You barely miss the butterfly.
Jeremiah lets out a twisted cry.
Something smites you!
You die...
Jeremiah asks, "Is it over?
Can I wake up now?"

#..#.#..........
#.......>)......
#.##.†.........
...b...>........
##.#......<.....
<.#............
#####b#............
#.#b..#............
##b@.○b#.######.#...
+....#.#. ### #.#...
##.#.#.# ..##.#...
#..b#.# #.#.....#
###.#.# #.#......
.b#.# #........
.F#.# ####.....
..#.#######.....#
...#.............#


You could see Jeremiah.

Vanquished Creatures
  A wyvern (D:6)
  Eustachio (D:5)
  2 water moccasins
  An ice beast (D:5)
  2 black bears
  A centaur (D:5)
  A phantom (D:5)
  A bullfrog (D:6)
  A scorpion (D:5)
  A gnoll sergeant (D:7)
  4 wights (D:6)
  A hound (D:5)
  2 jellies
  2 orc priests (D:5)
  2 sleepcaps
  6 iguanas
  6 gnolls
  5 adders
  2 white imps
  4 ufetubi (D:6)
  A worm (D:4)
  11 orcs
  7 endoplasms
  3 giant cockroaches
  4 goblins
  2 hobgoblins
  A jackal (D:2)
  11 kobolds
  3 quokkas (D:2)
  3 ball pythons
  5 bats
  4 frilled lizards
  4 rats
105 creatures vanquished.

Notes
Turn   | Place    | Note
-------+----------+-------------------------------------------
     0 | D:1      | wildpjah the Minotaur Fighter began the quest for the Orb.
     0 | D:1      | Reached XP level 1. HP: 19/19 MP: 0/0
   147 | D:1      | Reached XP level 2. HP: 27/27 MP: 1/1
   694 | D:2      | Reached skill level 4 in Armour
   854 | D:2      | Reached XP level 3. HP: 33/33 MP: 2/2
  1508 | D:3      | Found a sacrificial altar of Ru.
  1513 | D:3      | Reached XP level 4. HP: 40/40 MP: 3/3
  2124 | D:4      | Found a staircase to the Ecumenical Temple.
  2472 | Temple   | Entered the Ecumenical Temple
  2478 | Temple   | Became a worshipper of Warmaster Okawaru
  2691 | D:5      | Entered Level 5 of the Dungeon
  2745 | D:5      | Reached XP level 5. HP: 44/47 MP: 4/4
  2817 | D:5      | Noticed a black bear
  2825 | D:5      | Killed a black bear
  2826 | D:5      | Reached skill level 5 in Armour
  2829 | D:5      | Reached * piety under Okawaru
  2830 | D:5      | Reached skill level 5 in Axes
  2830 | D:5      | Reached XP level 6. HP: 48/55 MP: 5/5
  2879 | D:5      | Noticed an orc warrior
  2879 | D:5      | Noticed an orc warrior
  2879 | D:5      | Noticed a rust devil
  2879 | D:5      | Noticed a rust devil
  3085 | D:4      | Reached skill level 5 in Fighting
  3203 | D:5      | Noticed an ice beast
  3215 | D:5      | Killed an ice beast
  3216 | D:5      | Reached XP level 7. HP: 42/61 MP: 6/6
  3391 | D:5      | Reached skill level 6 in Armour
  3392 | D:5      | Reached ** piety under Okawaru
  3443 | D:5      | Reached skill level 5 in Shields
  3616 | D:5      | Reached skill level 1 in Dodging
  3900 | D:5      | Identified the +1 cloak of Ynuthaha {Rampage rF+ Stlth+}
  4039 | D:5      | Noticed Eustachio
  4051 | D:5      | Killed Eustachio
  4052 | D:5      | Reached skill level 1 in Maces & Flails
  4052 | D:5      | Reached skill level 7 in Armour
  4052 | D:5      | Reached XP level 8. HP: 65/69 MP: 7/7
  4256 | D:6      | Reached *** piety under Okawaru
  4437 | D:6      | Found a glowing golden altar of the Shining One.
  4440 | D:6      | Found a stormy altar of Qazlal.
  4440 | D:6      | Found a hazy altar of Hepliaklqana.
  4443 | D:6      | Found a snail-covered altar of Cheibriados.
  4443 | D:6      | Found a sparkling altar of Nemelex Xobeh.
  4695 | D:6      | Reached skill level 8 in Armour
  5016 | D:7      | Noticed Jeremiah
  5064 | D:7      | Killed from afar by Jeremiah

Illustrated notes

Levels and vault maps discovered:
D:1:      dpeg_arrival_signposts, layout_loops_ring
D:2:      minmay_recursive_quarters, layout_basic,
          minmay_fractal_squares_gapless_5
D:3:      layout_basic, nicolae_ru_awakened_eye
D:4:      layout_basic, minmay_temple_entry_glass, hangedman_decor_growths,
          serial_bayou_pond_d
D:5:      cheibrodos_iron_armory, layout_basic, uniq_eustachio
D:6:      layout_rooms, grunt_temple_overflow_open
D:7:      layout_basic, serial_shops, nicolae_lakefront_shop, uniq_jeremiah
Temple:   eino_temple_rhombus

Skill      XL: |  1  2  3  4  5  6  7  8 |
---------------+-------------------------+-----
Shields        | 4 5 |  5.5
Armour         | 4 5 7 8 |  8.4
Fighting       | 4 5 6 |  6.5
Axes           | 3 4 5 6 7 |  7.6
Dodging        | 1 2 |  2.1
Maces & Flails | 1 4 |  4.8
Stealth        | |  0.3

Action                     |  1- 3 |  4- 6 |  7- 9 || total
---------------------------+-------+-------+-------++-------
  Melee: War axe           |    64 |    88 |    35 ||   187
         Headbutt          |     9 |    11 |    34 ||    54
         Whip              |       |       |   136 ||   136
 Invoke: Heroism           |       |       |     1 ||     1
    Use: Potion            |       |       |     1 ||     1
 Armour: Scale mail        |    15 |       |       ||    15
         Chain mail        |    37 |    96 |   120 ||   253
  Dodge: Dodged            |    35 |    40 |    79 ||   154
  Block: Buckler           |    20 |    17 |    33 ||    70

Table legend: (Time is in decaauts)
 A = Elapsed time spent in this place.
 B = Non-inter-level travel time spent in this place.
 C = Inter-level travel time spent in this place.
 D = Time resting spent in this place.
 E = Time spent auto-exploring this place.
 F = Levels seen in this place.
 G = Mean time per level.
                   A        B        C        D        E       F      G
               +--------+--------+--------+--------+--------+-----+--------+
         Total |   5103 |   4811 |    292 |      0 |   3988 |   8 |  637.9 |
       Dungeon |   5090 |   4803 |    287 |      0 |   3988 |   7 |  727.1 |
        Temple |     12 |      7 |      5 |      0 |      0 |   1 |   12.0 |
               +--------+--------+--------+--------+--------+-----+--------+

Top non-repeatable levels by time:
     D:5: 1333 daAuts
     D:2: 750 daAuts
     D:4: 738 daAuts
     D:6: 710 daAuts
     D:3: 703 daAuts
     D:1: 696 daAuts
     D:7: 159 daAuts
  Temple: 12 daAuts
